 Dungeon Crawl Stone Soup version 0.21-a0-19-g210df22 (webtiles) character file.

919834 Chiseanne the Minotaur Barricade (level 27, -1/224 (228) HPs)
             Began as a Minotaur Monk on May 23, 2017.
             Was an Initiate of Gozag.
             Slain by an Executioner (2 damage)
             ... summoned by Gloorx Vloq
             ... in Pandemonium on May 24, 2017.
             The game lasted 05:03:16 (69230 turns).

Chiseanne the Minotaur Barricade (Minotaur Monk)   Turns: 69230, Time: 05:03:17

HP:   -1/224 (228)  AC: 39    Str: 23    XL:     27
MP:   36/38         EV: 28    Int:  4    God:    Gozag
Gold: 2356          SH: 34    Dex: 30    Spells: 38/50 levels left

rFire    + + .     SeeInvis +   d - +9 broad axe (freeze)
rCold    + + +     Gourm    .   o - +2 large shield {rC+ rF+}
rNeg     + + +     Faith    .   O - +8 plate armour of the Cricket {Slay+5}
rPois    +         Spirit   .   q - -2 hat of the Alchemist {rElec rPois rF+ rC+ rN+ MR+ rMut rCorr}
rElec    +         Reflect  +   n - +1 cloak of Starlight {rElec rC+ EV+4 Stlth--}
rCorr    +         Harm     .   H - +2 pair of gloves {Dex+3}
rMut     +                      I - +2 pair of boots "Huidgh" {Str+4 SInv Stlth+}
MR       +++..                  U - amulet "Gosel" {Reflect rElec rC+ rN+++ SH+4}
Stlth    +.........             b - +5 ring of evasion
Regen    0.5/turn               D - ring "Verumaf" {rCorr rElec rC- Dex+5 Slay+3}
MPRegen  0.3/turn

@: lethally poisoned (-1 -> -14), gold aura, very slightly contaminated, slowed,
invisible, very slow
A: retaliatory headbutt, horns 2, dopey 2, frail 1, subdued magic 1, MP-powered
wands
}: 8/15 runes: barnacled, slimy, silver, demonic, glowing, magical, fiery,
gossamer
a: Potion Petition, Call Merchant, Bribe Branch, Renounce Religion


You were in Pandemonium.
You worshipped Gozag.
Gozag was most pleased with you.
You were not hungry.

You visited 11 branches of the dungeon, and saw 53 of its levels.
You visited Pandemonium 2 times, and saw 37 of its levels.
You visited 3 bazaars.
You visited 1 ziggurat, and saw 18 of its levels.
You also visited: Labyrinth and Ice Cave.

You collected 41961 gold pieces.
You spent 10725 gold pieces at shops.
You paid 28880 gold pieces to Gozag.

Inventory:

Hand Weapons
 a - the +9 broad axe of the Hierophant {protect, rElec Str+4}
   (You bought it in a shop on level 6 of the Dungeon)

   It protects the one who uses it against injury (+AC on strike).
   It affects your strength (+4).
   It insulates you from electricity.
 d - a +9 broad axe of freezing (weapon)
 s - a +9 broad axe of flaming
Missiles
 r - 9 throwing nets (quivered) {!*}
 t - 5 silver javelins
 L - 90 javelins
 P - 8 steel javelins
 S - 7 poisoned javelins
 X - 27 javelins of penetration
Armour
 n - the +1 cloak of Starlight (worn) {rElec rC+ EV+4 Stlth--}
   (You bought it in a shop on level 15 of the Dungeon)

   It affects your evasion (+4).
   It protects you from cold.
   It insulates you from electricity.
   It makes you much less stealthy.
 o - a +2 large shield of resistance (worn)
 q - the -2 hat of the Alchemist (worn) {rElec rPois rF+ rC+ rN+ MR+ rMut rCorr}
   (You bought it in a shop on level 15 of the Dungeon)

   It protects you from fire.
   It protects you from cold.
   It insulates you from electricity.
   It protects you from poison.
   It protects you from negative energy.
   It affects your resistance to hostile enchantments.
   It protects you from acid and corrosion.
   It protects you from mutation.
 H - a +2 pair of gloves of dexterity (worn)
 I - the +2 pair of boots "Huidgh" (worn) {Str+4 SInv Stlth+}
   (You found it on level 8 of the Dungeon)

   It affects your strength (+4).
   It lets you see invisible.
   It makes you more stealthy.
 O - the +8 plate armour of the Cricket (worn) {Slay+5}
   (You found it on level 3 of the Vaults)

   It affects your accuracy and damage with ranged weapons and melee attacks
   (+5).
Jewellery
 b - a +5 ring of evasion (left hand)
 D - the ring "Verumaf" (right hand) {rCorr rElec rC- Dex+5 Slay+3}
   (You found it on level 6 of the Dungeon)

   [ring of resist corrosion]

   It affects your dexterity (+5).
   It affects your accuracy and damage with ranged weapons and melee attacks
   (+3).
   It makes you vulnerable to cold.
   It insulates you from electricity.
 N - the ring "Viahel" {Fire Int+3 Stlth+}
   (You took it off a balrug in Pandemonium)

   [ring of fire]

   It enhances your fire magic.
   It affects your intelligence (+3).
   It protects you from fire.
   It makes you vulnerable to cold.
   It makes you more stealthy.
 U - the amulet "Gosel" (around neck) {Reflect rElec rC+ rN+++ SH+4}
   (You bought it in a shop on level 9 of the Dungeon)

   [amulet of reflection]

   It shields you and reflects attacks.
   It protects you from cold.
   It insulates you from electricity.
   It renders you almost immune to negative energy.
   It affects your SH (+4).
Scrolls
 i - 8 scrolls of fog
 v - 9 scrolls of recharging
 y - 2 scrolls of holy word
 z - a scroll of summoning
 A - 9 scrolls of magic mapping
 C - 19 scrolls of remove curse
 E - a scroll of silence
 J - 4 scrolls of immolation
 K - 26 scrolls of teleportation
 M - 12 scrolls of identify
 T - 13 scrolls of fear
 W - 3 scrolls of blinking
Potions
 e - 5 potions of ambrosia
 h - 9 potions of brilliance
 j - 36 potions of curing
 k - 4 potions of cancellation
 p - 5 potions of heal wounds
 w - 3 potions of resistance
 x - 2 potions of invisibility
 G - 4 potions of berserk rage
 Z - 12 potions of flight
Miscellaneous
 B - a lamp of fire
 F - a box of beasts
 Q - a phial of floods
 R - a lightning rod (4/4)
 V - a fan of gales
 Y - 5 phantom mirrors
Comestibles
 c - 18 bread rations
 u - 30 meat rations


   Skills:
 - Level 21.8 Fighting
 - Level 18.2 Axes
 * Level 24.5 Throwing
 O Level 27 Armour
 - Level 11.6 Dodging
 - Level 11.9 Stealth
 O Level 27 Shields
 * Level 12.0 Spellcasting
 - Level 10.8 Charms
 - Level 12.7 Translocations
 - Level 9.1 Evocations


You had 38 spell levels left.
You knew the following spells:

 Your Spells              Type           Power        Failure   Level  Hunger
a - Blink                 Tloc           N/A          1%          2    ##.....
b - Apportation           Tloc           #.....       1%          1    #......
c - Lesser Beckoning      Tloc           #.........   1%          3    ###....
d - Shroud of Golubria    Chrm/Tloc      #.........   1%          2    ##.....
e - Passage of Golubria   Tloc           N/A          2%          4    #####..


Dungeon Overview and Level Annotations

Branches:
Dungeon (15/15)            Temple (1/1) D:5            Lair (6/6) D:8
 Shoals (4/4) Lair:2       Spider (4/4) Lair:4        Slime (5/5) Lair:6
    Orc (2/2) D:11            Elf (3/3) Orc:2        Vaults (5/5) D:14
  Crypt (3/3) Vaults:3       Tomb (0/3) Crypt:3      Depths (5/5) D:15
    Zot (0/5) Depths:5

Altars:
Ashenzari
Cheibriados
Dithmenos
Elyvilon
Fedhas
Gozag
Hepliaklqana
Kikubaaqudgha
Makhleb
Nemelex Xobeh
Okawaru
Qazlal
Ru
Sif Muna
Trog
Uskayaw
Vehumet
Wu Jian
Xom
Yredelemnul
Zin
The Shining One
Beogh
Jiyva

Shops:
D:6 (   D:9 =   D:12 (   D:13 }   D:15 *==([[[[[![[[((   Orc:2 [(*[   Elf:1 ==}
Elf:3 !   Shoals:3 *   Depths:1 }=

Portals:
Hell: Depths:1 Depths:2 Depths:3 Depths:4 Depths:5
Abyss: Depths:2 Depths:3 Depths:4 Depths:5
Pandemonium: Depths:1 Depths:3
Trove: Elf:1 (give 21 scrolls of identify)

Annotations:
D:4 endorz's ghost, novice FoFi
Elf:2 3 runed doors
Pan Gloorx Vloq


Innate Abilities, Weirdness & Mutations

You reflexively headbutt those who attack you in melee.
You have a pair of horns on your head.
You are very dopey. (Int -4)
You are frail. (-10% HP)
Your spells are a little easier to cast, but a little less powerful.
You expend magic power (3 MP) to strengthen your wands.


Message History

Gloorx Vloq gestures at you. The foul vapour engulfs you!
You feel your flesh rotting away!
You feel as though you will be slow longer.
* * * LOW HITPOINT WARNING * * *
The Executioner completely misses you. You furiously retaliate!
You headbutt the Executioner! You block the Executioner's attack.
The Executioner completely misses you.
The Executioner hits you but does no damage.
You block the Executioner's attack. The Executioner closely misses you.
The Executioner is distracted by the nearby gold.
Gloorx Vloq barely misses you. You furiously retaliate!
You headbutt Gloorx Vloq, but do no damage.
The Executioner closely misses you. You block the Executioner's attack.
The Executioner hits you.
* * * LOW HITPOINT WARNING * * *
The Executioner hits you but does no damage. x2
The Executioner hits you.
You die...
Your body crumbles into a pile of gold.

$
#########
#&1§§...#
#@1....#
#§1§##..#
+..#§#
#..##..
#... ..#
#... ..#
#### ##


You could see Gloorx Vloq and 3 Executioners.

Vanquished Creatures
  the Royal Jelly (Slime:5)
  Lom Lobon (Pan)
  A seraph (Pan)
  Mnoleg (Pan)
  2 ancient liches
  10 pandemonium lords
  A juggernaut (Depths:5)
  4 greater mummies
  Boris (Depths:5)
  The ghost of newuser the Wallflower, a veteran DsFi of Uskayaw (Depths:4)
  A profane servitor (Zig:17)
  Nikola (Elf:2)
  A golden dragon (Depths:3)
  the Enchantress (Depths:4)
  A bone dragon (Zig:5)
  4 Tzitzimimeh (Pan)
  5 Brimstone Fiends
  Jorgrun (Elf:2)
  14 liches
  A Hell Sentinel (Pan)
  2 hellephants (Pan)
  3 Ice Fiends
  4 tentacled monstrosities
  3 deep elf blademasters (Elf:3)
  5 titans
  A kraken (Shoals:4)
  21 acid blobs
  2 deep elf master archers (Elf:3)
  6 ancient champions
  4 tentacled starspawn
  18 Executioners
  3 quicksilver dragons
  Polyphemus (Shoals:2)
  3 sphinxes
  The ghost of Unholydonuts the Severer, an adept HOMo of Okawaru (Shoals:4)
  5 tengu reavers
  6 shadow dragons
  5 storm dragons
  5 revenants
  17 fire giants
  13 azure jellies
  6 draconian monks
  Ilsuiw (Shoals:4)
  A daeva (Pan)
  8 blood saints (Pan)
  A draconian scorcher (Zig:15)
  10 black suns (Pan)
  5 draconian knights (Zig:15)
  3 ghost moths
  7 emperor scorpions (Spider:4)
  2 iron dragons (Vaults:5)
  17 cacodemons (Pan)
  7 deep elf sorcerers
  An orc warlord (Orc:2)
  11 frost giants
  5 curse skulls
  9 vault wardens
  2 angels (Pan)
  A juggernaut zombie (Depths:1)
  10 warmongers (Pan)
  33 balrugs
  2 draconian stormcallers (Zig:15)
  6 deep elf elementalists
  6 ghouls
  A draconian shifter (Depths:5)
  17 ironheart preservers
  3 spriggan defenders (Depths:3)
  8 draconian annihilators
  23 very ugly things
  A war gargoyle (Vaults:4)
  26 reapers
  An apis (Pan)
  15 corrupters
  7 entropy weavers
  4 bennus
  2 juggernaut skeletons
  22 stone giants
  5 ophanim (Pan)
  6 vampire knights
  5 green draconians
  6 deep elf demonologists
  10 deep elf annihilators
  4 black draconians
  6 lorocyprocas (Pan)
  3 purple draconians (Depths:5)
  3 yellow draconians
  6 red draconians
  4 spark wasps
  18 blizzard demons (Pan)
  16 ettins
  2 white draconians (Depths:5)
  33 green deaths
  9 eidola
  A crystal guardian (Zig:14)
  A minotaur (Lab)
  9 death oozes (Slime:5)
  7 merfolk javelineers
  A fire dragon (shapeshifter) (Depths:4)
  10 jiangshi
  3 quicksilver dragon zombies
  6 deep elf high priests
  8 mummy priests
  8 fire dragons
  9 deep elf death magi
  5 merfolk impalers
  20 yaktaur captains
  9 great orbs of eyes
  9 ice dragons
  31 vault guards
  5 hell beasts (Pan)
  6 hydras
  12 monstrous demonspawn
  20 rakshasas
  2 alligator snapping turtles (Shoals:4)
  2 death knights (Vaults:2)
  2 merfolk avatars
  5 catoblepae
  2 spriggan air magi
  11 centaur warriors
  37 two-headed ogres
  The ghost of Unholydonuts the Thaumaturge, a novice DrFE of Sif Muna (D:10)
  A satyr (Zig:9)
  10 deep troll earth magi
  12 ogre magi
  11 merfolk aquamancers
  6 death yaks
  A hell hog (Zig:14)
  2 orc high priests (Orc:2)
  7 vampire magi
  A spriggan berserker (Depths:3)
  18 tengu warriors
  17 deep troll shamans
  2 titan zombies (Crypt:3)
  A death scarab (Zig:10)
  A naga sharpshooter (Zig:9)
  10 thrashing horrors
  15 hell knights
  65 sun demons (Pan)
  Sonja (Lair:3)
  2 storm dragon zombies (Crypt:3)
  3 shadow wraiths
  2 fire crabs (shapeshifter)
  31 soul eaters
  52 large abominations
  6 wretched stars
  45 sixfirhies
  A titan skeleton (Zig:13)
  10 deep elf knights
  4 spatial maelstroms
  A golden dragon zombie (Crypt:3)
  8 iron trolls
  A salamander mystic (Depths:4)
  8 gelid demonspawn (Pan)
  8 glowing orange brains
  14 torturous demonspawn (Pan)
  6 cherubim (Pan)
  8 skeletal warriors
  13 infernal demonspawn (Pan)
  13 shadow demons (Pan)
  4 death drakes (Depths:5)
  9 wizards
  3 tengu zombies
  Pikel (D:9)
  15 unseen horrors
  18 harpies
  7 flayed ghosts
  36 deep trolls
  A shadow dragon zombie (Zig:14)
  23 necromancers
  An orange crystal statue (Depths:4)
  12 sea snakes
  An obsidian statue (Zig:12)
  17 ironbrand convokers
  13 phantasmal warriors
  4 lindwurms (Depths:5)
  A harpy (shapeshifter) (Depths:3)
  A wolf spider zombie (Crypt:3)
  13 deep elf archers
  18 orc knights
  8 fauns
  3 tengu skeletons
  10 orb spiders
  A shadow dragon skeleton (Zig:13)
  10 cyclopes
  4 orc sorcerers
  20 wolf spiders
  4 frost giant zombies
  39 ugly things
  47 deep elf magi
  5 fire giant zombies
  12 manticores
  5 shining eyes
  A moth of wrath (Spider:4)
  A worldbinder (Zig:5)
  2 iron dragon skeletons (Zig:11)
  2 stone giant zombies
  3 fire giant skeletons
  2 salamanders (Depths:4)
  3 frost giant skeletons
  13 elephants
  An elephant (shapeshifter) (D:13)
  A shock serpent zombie (Crypt:3)
  A water nymph (shapeshifter) (D:15)
  8 merfolk sirens
  A black mamba (shapeshifter) (Depths:1)
  7 rust devils (Pan)
  Maurice (D:9)
  A dire elephant zombie (Crypt:3)
  An elf zombie (Zig:10)
  4 black mambas
  3 water nymphs (Shoals:4)
  18 vault sentinels
  43 smoke demons
  A naga mage (D:15)
  An apocalypse crab (Zig:14)
  A guardian serpent (shapeshifter) (Vaults:1)
  A stone giant skeleton (Crypt:3)
  A torpor snail (Zig:12)
  3 gargoyles
  An ice statue (IceCv)
  25 orange demons
  A storm dragon simulacrum (Depths:3)
  5 spectral swamp worms (Depths:2)
  30 yaktaurs
  3 rime drakes
  5 efreet
  10 spiny frogs
  10 hellions
  A dire elephant skeleton (Crypt:3)
  24 freezing wraiths
  A kobold demonologist (D:11)
  16 demonic crawlers
  24 guardian mummies
  2 komodo dragons (shapeshifter)
  64 hellwings
  A redback zombie (Crypt:2)
  5 ice devils (Pan)
  4 tormentors (Pan)
  9 komodo dragons
  A catoblepas skeleton (Crypt:3)
  A merfolk (shapeshifter) (Vaults:5)
  4 ancient zymes
  35 red devils
  A spark wasp simulacrum (Depths:2)
  A golden dragon simulacrum (Depths:3)
  2 yaktaur skeletons (Vaults:3)
  A death drake zombie (Crypt:2)
  4 tengu conjurers
  A queen bee (shapeshifter) (D:14)
  A spriggan skeleton (Depths:2)
  4 wind drakes
  A meliai (shapeshifter) (Vaults:5)
  A harpy zombie (Crypt:3)
  A wind drake (shapeshifter) (Vaults:2)
  11 jumping spiders
  7 trolls
  37 merfolk
  Prince Ribbit (D:7)
  2 polar bears
  A fire dragon zombie (Crypt:3)
  110 slime creatures
  A harpy skeleton (Crypt:3)
  12 hornets
  A blink frog (shapeshifter) (Vaults:1)
  4 raiju
  A tengu simulacrum (Vaults:3)
  A bog body (Crypt:2)
  A raiju (shapeshifter) (Vaults:3)
  11 dream sheep
  10 blink frogs
  A hydra skeleton (Crypt:3)
  A stone giant simulacrum (Vaults:2)
  11 hippogriffs
  A frost giant simulacrum (Depths:3)
  2 ettin zombies
  5 snapping turtles
  A meliai zombie (D:7)
  5 centaur simulacra
  3 shadows
  5 spriggans (Depths:4)
  A spriggan (shapeshifter) (Depths:2)
  2 vampires
  17 flying skulls
  26 ynoxinuls
  A redback (shapeshifter) (Vaults:3)
  25 redbacks
  11 wraiths
  2 wyverns (Lair:4)
  10 tarantellas
  4 ushabtiu
  67 yaks
  3 air elementals
  17 water elementals
  20 chaos spawn (Pan)
  6 fire elementals
  17 humans
  4 hogs (D:8)
  2 yaks (shapeshifter)
  A spriggan simulacrum (Depths:3)
  A basilisk (D:15)
  3 fire bats (Pan)
  17 neqoxecs
  5 elf skeletons
  A steam dragon (Lair:5)
  2 hungry ghosts
  2 golden eyes (Zig:14)
  3 spatial vortices (Zig:17)
  7 wargs
  Menkaure (D:7)
  A death yak simulacrum (IceCv)
  5 vampire mosquitoes
  2 soldier ants (shapeshifter)
  An acid dragon (shapeshifter) (Depths:5)
  5 acid dragons
  4 hell hounds
  2 soldier ants
  A spiny frog zombie (Crypt:3)
  11 water moccasins
  6 porcupines
  An infernal demonspawn skeleton (Crypt:2)
  2 deep troll skeletons (Vaults:3)
  4 floating eyes
  64 orc warriors
  A porcupine (shapeshifter) (Vaults:2)
  A spiny frog skeleton (Crypt:3)
  A sky beast (shapeshifter) (Depths:1)
  4 swamp drakes (Depths:5)
  11 ice beasts
  An ice beast (shapeshifter) (Depths:5)
  5 sky beasts
  3 slaves (D:9)
  An alligator simulacrum (IceCv)
  3 black bears
  5 necrophages
  4 phantoms
  A swamp dragon skeleton (Crypt:3)
  An eye of draining (shapeshifter) (Depths:1)
  6 eyes of draining
  32 ogres
  18 boggarts
  19 centaurs
  8 human skeletons
  A snapping turtle skeleton (Crypt:3)
  14 wolves
  15 crocodiles
  A hippogriff zombie (Crypt:2)
  A human zombie (Vaults:1)
  3 big kobolds
  19 bullfrogs
  3 earth elementals
  A wyvern zombie (D:11)
  7 wyvern skeletons
  7 scorpions
  30 killer bees
  7 small abominations
  2 howler monkeys
  12 wights
  A troll skeleton (Crypt:2)
  3 electric eels
  4 bullfrog zombies
  9 crimson imps
  34 starcursed masses
  2 quasits
  2 centaur zombies
  3 draconian simulacra (IceCv)
  An iron imp (Depths:5)
  3 jellies
  8 hounds
  A human simulacrum (Vaults:1)
  5 centaur skeletons
  29 orc priests
  A soldier ant zombie (Crypt:2)
  A bullfrog skeleton (D:11)
  8 hell rats
  4 iguanas
  A black bear skeleton (Crypt:1)
  30 orc wizards
  A lightning spire (Zig:13)
  6 troll simulacra (IceCv)
  A polar bear simulacrum (IceCv)
  10 worker ants
  A wolf simulacrum (IceCv)
  2 naga zombies
  A hound skeleton (D:5)
  27 mummies
  A worker ant zombie (D:5)
  Robin (D:3)
  2 howler monkey skeletons (D:5)
  7 gnolls
  12 adders
  4 naga simulacra (IceCv)
  4 ogre simulacra (IceCv)
  6 river rats (Lair:2)
  13 white imps
  2 oozes
  2 adder skeletons
  An iguana skeleton (Crypt:1)
  A worm (D:3)
  9 ball lightnings (Pan)
  2 dart slugs
  6 leopard geckos
  142 orcs
  7 bats
  A bat skeleton (Crypt:2)
  6 giant cockroaches
  17 goblins
  11 hobgoblins
  7 jackals
  19 kobolds
  10 quokkas
  A ball python zombie (D:5)
  2 frilled lizards
  A goblin zombie (D:8)
  A leopard gecko zombie (D:6)
  7 rats
  5 briar patches (Pan)
  3 fire vortices (Pan)
  4 fungi
  15 plants
  6 starspawn tentacles (Zig:17)
  3 tentacles (Shoals:4)
  6 withered plants (Crypt:3)
3478 creatures vanquished.

Vanquished Creatures (collateral kills)
  Cerebov (Pan)
  A pandemonium lord (Pan)
  2 acid blobs (Slime:5)
  An azure jelly (Slime:5)
  2 death oozes (Slime:5)
  A titan skeleton (Zig:14)
  A titan simulacrum (Zig:14)
  A raiju (Zig:14)
  A large abomination (Zig:14)
  A chaos spawn (Zig:14)
12 creatures vanquished.

Vanquished Creatures (others)
  A deep elf master archer (Elf:3)
  An Executioner (Pan)
  An eldritch tentacle (Pan)
  A warmonger (Pan)
  The ghost of SkyBlueFox the Destroyer, a journeyman DsWz of Vehumet (Orc:2)
  A deep elf elementalist (Elf:3)
  A draconian annihilator (Zig:15)
  A very ugly thing (Depths:1)
  A corrupter (Pan)
  A black draconian (Zig:15)
  A deep elf annihilator (Elf:3)
  A purple draconian (Zig:15)
  A red draconian (Zig:15)
  4 merfolk javelineers
  A green death (Pan)
  4 yaktaur captains
  2 centaur warriors
  9 dancing weapons
  A death yak (Shoals:2)
  4 satyrs
  A thrashing horror (Zig:14)
  A deep elf knight (Vaults:2)
  A sixfirhy (Pan)
  An unseen horror (Vaults:1)
  A shadow demon (Pan)
  3 deep elf archers
  A harpy (Depths:4)
  A deep elf mage (Elf:2)
  2 fauns
  5 cyclopes
  4 yaktaurs
  A jumping spider (Zig:12)
  A troll (Vaults:1)
  A merfolk (Shoals:2)
  A redback (Spider:3)
  A ynoxinul (Pan)
  A fire bat (Pan)
  A chaos spawn (Zig:8)
  An acid dragon (Vaults:1)
  3 centaurs
  An orc wizard (D:9)
  20 ball lightnings (Pan)
  An orc (Orc:2)
  4 briar patches (Pan)
  2 fungi
  15 plants
  4 starspawn tentacles
  8 tentacles (Shoals:4)
  6 withered plants (Crypt:3)
131 creatures vanquished.

Grand Total: 3621 creatures vanquished

Notes
Turn   | Place    | Note
-------+----------+-------------------------------------------
     0 | D:1      | Chiseanne the Minotaur Monk began the quest for the Orb.
     0 | D:1      | Reached XP level 1. HP: 19/19 MP: 0/0
   142 | D:1      | Reached skill level 1 in Armour
   292 | D:1      | Reached XP level 2. HP: 27/27 MP: 1/1
   700 | D:2      | Reached XP level 3. HP: 31/33 MP: 2/2
   753 | D:2      | Found a stormy altar of Qazlal.
  1086 | D:2      | Reached XP level 4. HP: 27/40 MP: 3/3
  1658 | D:3      | Found a faded altar of an unknown god.
  1691 | D:3      | Reached XP level 5. HP: 18/47 MP: 4/4
  1801 | D:3      | Noticed Robin
  1819 | D:3      | Killed Robin
  2116 | D:4      | Reached skill level 5 in Axes
  2120 | D:4      | Reached XP level 6. HP: 23/55 MP: 5/5
  2190 | D:4      | Noticed endorz's ghost (novice FoFi)
  2201 | D:5      | Entered Level 5 of the Dungeon
  2251 | D:4      | Reached skill level 5 in Fighting
  2634 | D:4      | Reached skill level 5 in Dodging
  2894 | D:5      | Noticed an ice beast
  2930 | D:5      | Reached XP level 7. HP: 53/61 MP: 6/6
  3295 | D:5      | Found a staircase to the Ecumenical Temple.
  3370 | Temple   | Entered the Ecumenical Temple
  3432 | Temple   | Became a worshipper of Gozag Ym Sagoz the Greedy
  3581 | D:5      | Found a radiant altar of Vehumet.
  3608 | D:6      | Reached skill level 5 in Armour
  3769 | D:6      | Found a sparkling altar of Nemelex Xobeh.
  3772 | D:6      | Found a basalt altar of Yredelemnul.
  3773 | D:6      | Found a white marble altar of Elyvilon.
  3774 | D:6      | Found a glowing golden altar of the Shining One.
  3775 | D:6      | Found an iron altar of Okawaru.
  3778 | D:6      | Found an ancient bone altar of Kikubaaqudgha.
  3779 | D:6      | Found a glowing silver altar of Zin.
  3780 | D:6      | Found an ornate altar of the Wu Jian Council.
  3788 | D:6      | Got a slimy lead ring
  3790 | D:6      | Identified the ring "Verumaf" {rCorr rElec rC- Dex+5 Slay+3} (You found it on level 6 of the Dungeon)
  3962 | D:6      | Reached XP level 8. HP: 62/71 MP: 7/7
  3965 | D:6      | Found a shadowy altar of Dithmenos.
  4166 | D:7      | Noticed a hippogriff
  4177 | D:7      | Killed a hippogriff
  4541 | D:7      | Noticed Prince Ribbit
  4556 | D:7      | Killed Prince Ribbit
  4556 | D:7      | Reached XP level 9. HP: 78/81 MP: 8/8
  4808 | D:6      | Bought a crude broad axe for 288 gold pieces
  4808 | D:6      | Identified the +9 broad axe of the Hierophant {protect, rElec Str+4} (You bought it in a shop on level 6 of the Dungeon)
  4945 | D:7      | Noticed Menkaure
  4950 | D:7      | HP: 4/82 [Menkaure (10)]
  4951 | D:7      | Killed Menkaure
  5198 | D:7      | Noticed a two-headed ogre
  5204 | D:7      | Killed a two-headed ogre
  5480 | D:8      | Noticed a two-headed ogre
  5481 | D:8      | Found a sand-covered staircase.
  5492 | D:8      | Killed a two-headed ogre
  5492 | D:8      | Reached XP level 10. HP: 59/91 MP: 9/9
  5628 | D:8      | Got a pair of steaming boots
  5634 | D:8      | Identified the +2 pair of boots "Huidgh" {Str+4 SInv Stlth+} (You found it on level 8 of the Dungeon)
  5714 | D:8      | Found a hazy altar of Hepliaklqana.
  5828 | D:8      | Found a staircase to the Lair.
  5828 | D:8      | Noticed an elephant
  5852 | D:8      | Reached skill level 10 in Axes
  5856 | D:8      | Killed an elephant
  5856 | D:8      | Reached skill level 10 in Fighting
  6115 | D:9      | Noticed Pikel
  6123 | D:9      | Killed Pikel
  6165 | D:9      | Reached skill level 10 in Armour
  6221 | D:9      | Noticed a two-headed ogre
  6227 | D:9      | Killed a two-headed ogre
  6227 | D:9      | Reached skill level 10 in Dodging
  6227 | D:9      | Reached XP level 11. HP: 101/101 MP: 10/10
  6243 | D:9      | Noticed Maurice
  6251 | D:9      | Killed Maurice
  6388 | D:9      | Noticed a two-headed ogre
  6398 | D:9      | Killed a two-headed ogre
  6692 | D:9      | Noticed a two-headed ogre
  6698 | D:9      | Killed a two-headed ogre
  6924 | D:10     | Entered Level 10 of the Dungeon
  6929 | D:10     | Noticed a centaur warrior
  6937 | D:10     | Killed a centaur warrior
  6945 | D:10     | Noticed Unholydonuts's ghost (novice DrFE)
  6962 | D:10     | Killed Unholydonuts's ghost
  7137 | D:10     | Noticed a two-headed ogre
  7143 | D:10     | Killed a two-headed ogre
  7306 | D:10     | Found a hide-covered altar of Uskayaw.
  7561 | D:10     | Noticed an unseen horror
  7565 | D:10     | Killed an unseen horror
  7565 | D:10     | Reached XP level 12. HP: 108/112 MP: 11/11
  7937 | D:9      | Bought the amulet "Gosel" {Reflect rElec rC+ rN+++ SH+4} for 1104 gold pieces
  7991 | D:11     | Reached skill level 1 in Shields
  8181 | D:11     | Found a staircase to the Orcish Mines.
  8188 | D:11     | Reached skill level 5 in Shields
  8482 | D:12     | Found a labyrinth entrance.
  8487 | D:12     | Noticed a two-headed ogre
  8493 | D:12     | Killed a two-headed ogre
  8531 | Lab      | Entered a labyrinth
  8904 | Lab      | Noticed a minotaur
  8914 | Lab      | Killed a minotaur
  9238 | D:12     | Found Xexzepp's Weapon Shoppe.
  9291 | D:12     | Found a stormy altar of Qazlal.
  9741 | D:13     | Reached skill level 10 in Shields
  9862 | D:13     | Found Roleog's Gadget Boutique.
 10291 | D:14     | Found a gate to the Vaults.
 10291 | D:14     | Noticed a two-headed ogre
 10291 | D:14     | Noticed a centaur warrior
 10298 | D:13     | Reached XP level 13. HP: 117/119 MP: 12/12
 11385 | D:14     | Reached skill level 15 in Shields
 11532 | D:15     | Entered Level 15 of the Dungeon
 11850 | D:15     | Reached XP level 14. HP: 127/127 MP: 13/13
 11892 | D:15     | Got a faintly glowing spear
 12180 | D:15     | Found a staircase to the Depths.
 12409 | D:15     | Reached skill level 1 in Throwing
 12445 | D:13     | Bought a wand of digging (10/24) for 504 gold pieces
 12783 | D:6      | Bought a runed hand axe for 192 gold pieces
 12787 | D:6      | Bought a glowing scimitar for 224 gold pieces
 12791 | D:6      | Bought a runed falchion for 192 gold pieces
 12899 | Orc:1    | Entered Level 1 of the Orcish Mines
 12963 | Orc:1    | Noticed a stone giant
 12971 | Orc:1    | Killed a stone giant
 13591 | Orc:2    | Entered Level 2 of the Orcish Mines
 13616 | Orc:2    | Found a flickering gateway to a bazaar.
 13638 | Orc:2    | Found a staircase to the Elven Halls.
 13701 | Orc:2    | Reached skill level 5 in Throwing
 13745 | Orc:2    | Found a roughly hewn altar of Beogh.
 13746 | Orc:2    | Found Bene's Assorted Antiques.
 13766 | Orc:2    | Bought a scroll labeled UNIGOM DAWYKUQ for 28 gold pieces
 13788 | Bazaar   | Entered a bazaar
 13788 | Bazaar   | Found Wuiz's Antique Armour Shop.
 13811 | Bazaar   | Found Ammefroiq's Gadget Boutique.
 13821 | Bazaar   | Found Egoc's Food Emporium.
 13833 | Bazaar   | Found Ashuzxac's Antique Weapon Shoppe.
 13869 | Bazaar   | Bought an embroidered cloak for 217 gold pieces
 13882 | Bazaar   | Bought a pair of gloves for 130 gold pieces
 13908 | Bazaar   | Bought a bread ration for 45 gold pieces
 13908 | Bazaar   | Bought a meat ration for 45 gold pieces
 13908 | Bazaar   | Bought a bread ration for 45 gold pieces
 13908 | Bazaar   | Bought a bread ration for 45 gold pieces
 13908 | Bazaar   | Bought a bread ration for 45 gold pieces
 13908 | Bazaar   | Bought a bread ration for 45 gold pieces
 13908 | Bazaar   | Bought 3 fruits for 40 gold pieces
 13908 | Bazaar   | Bought 4 fruits for 54 gold pieces
 13908 | Bazaar   | Bought 3 fruits for 40 gold pieces
 13908 | Bazaar   | Bought 4 fruits for 54 gold pieces
 14043 | Orc:2    | Found a roughly hewn altar of Beogh.
 14069 | Orc:2    | Found Puifos's Antique Armour Emporium.
 14074 | Orc:2    | Bought a bloodstained scale mail for 288 gold pieces
 14086 | Orc:2    | Identified the cursed +0 scale mail of Submission {Str+2 Dex+3} (You bought it in a shop on level 2 of the Orcish Mines)
 14138 | Orc:2    | Found a roughly hewn altar of Beogh.
 14207 | Orc:2    | Noticed SkyBlueFox's ghost (journeyman DsWz)
 14219 | Orc:2    | Killed SkyBlueFox's ghost
 14571 | Orc:2    | Noticed an orc warlord
 14604 | Orc:2    | Killed an orc warlord
 14606 | Orc:2    | Found Vouv's Antique Armour Boutique.
 14608 | Orc:2    | Found a roughly hewn altar of Beogh.
 14610 | Orc:2    | Found Fiuzas's Antique Weapon Shop.
 14719 | Orc:2    | Paralysed by an orc sorcerer for 2 turns
 14726 | Orc:2    | Paralysed by an orc sorcerer for 7 turns
 14812 | Orc:2    | Found a roughly hewn altar of Beogh.
 14897 | Orc:2    | Bought a brightly glowing leather armour for 175 gold pieces
 14897 | Orc:2    | Bought a warped shield for 237 gold pieces
 14908 | Orc:2    | Identified the +1 leather armour of the Thunderstorm {Regen+} (You bought it in a shop on level 2 of the Orcish Mines)
 14930 | Orc:2    | Identified the +5 shield of Death's Door {Dex+2} (You bought it in a shop on level 2 of the Orcish Mines)
 15227 | Lair:1   | Entered Level 1 of the Lair of Beasts
 15673 | Lair:1   | Got a slimy war axe
 15694 | Lair:1   | Identified the +4 war axe of Gehenna {chop, Int+3} (You found it on level 1 of the Lair of Beasts)
 16276 | Lair:2   | You fall through a shaft!
 16527 | Lair:3   | Noticed Sonja
 16534 | Lair:3   | Killed Sonja
 16669 | Lair:3   | Reached skill level 10 in Throwing
 16846 | Lair:3   | Found a frozen archway.
 16861 | IceCv    | Entered an ice cave
 16873 | IceCv    | Reached XP level 15. HP: 134/134 MP: 14/14
 17167 | IceCv    | Found an ancient bone altar of Kikubaaqudgha.
 18006 | Lair:4   | Found a hole to the Spider Nest.
 18106 | Lair:4   | Learned a level 1 spell: Apportation
 19215 | Lair:5   | Found a shadowy altar of Dithmenos.
 19312 | Lair:6   | Entered Level 6 of the Lair of Beasts
 19693 | Lair:6   | Found a viscous altar of Jiyva.
 19694 | Lair:6   | Found a staircase to the Slime Pits.
 20751 | D:15     | Bought the +1 cloak of Starlight {rElec rC+ EV+4 Stlth--} for 534 gold pieces
 20766 | D:15     | Bought the -2 hat of the Alchemist {rElec rPois rF+ rC+ rN+ MR+ rMut rCorr} for 566 gold pieces
 20773 | D:15     | Bought a +2 pair of gloves of dexterity for 408 gold pieces
 20792 | Depths:1 | Entered Level 1 of the Depths
 20797 | Depths:1 | Noticed a fire giant
 20809 | Depths:1 | Killed a fire giant
 20818 | Depths:1 | Reached XP level 16. HP: 139/146 MP: 15/15
 20862 | D:15     | Bought a +1 shield of protection for 313 gold pieces
 20984 | Elf:1    | Entered Level 1 of the Elven Halls
 21000 | Elf:1    | Reached skill level 15 in Axes
 21192 | Elf:1    | Found a flickering gateway to a bazaar.
 21303 | Elf:1    | Got a twisted flail
 21332 | Elf:1    | Identified the cursed +1 flail "Impbane" {freeze, rF- rC+++ Dex+3} (You found it on level 1 of the Elven Halls)
 21468 | Elf:1    | Found Veycaze's Jewellery Shop.
 21470 | Elf:1    | Found Poshrao's Gadget Emporium.
 21471 | Elf:1    | Found Tyzod's Jewellery Shop.
 21476 | Elf:1    | Bought a cursed ring of teleportation for 58 gold pieces
 21476 | Elf:1    | Bought a cursed -2 ring of dexterity for 26 gold pieces
 21785 | Elf:1    | Found a portal to a secret trove of treasure.
 21890 | Bazaar   | Entered a bazaar
 21898 | Bazaar   | Found Lodeerim's Book Shop.
 21911 | Bazaar   | Found Xyru Kikh's Gadget Shop.
 22182 | Elf:2    | Noticed Nikola
 22196 | Elf:2    | Killed Nikola
 22244 | Elf:2    | Noticed Jorgrun
 22248 | Elf:2    | Reached skill level 15 in Fighting
 22253 | Elf:2    | Killed Jorgrun
 22495 | Elf:2    | Found a runed gate.
 22495 | Elf:2    | Found a runed gate.
 22496 | Elf:2    | Found a runed gate.
 22549 | Elf:3    | Entered Level 3 of the Elven Halls
 22783 | Elf:3    | Found Nuotuthe's Distillery.
 22794 | Elf:3    | Bought a potion of brilliance for 64 gold pieces
 22794 | Elf:3    | Bought a potion of brilliance for 64 gold pieces
 22794 | Elf:3    | Bought a potion of curing for 48 gold pieces
 22794 | Elf:3    | Bought a potion of curing for 48 gold pieces
 22794 | Elf:3    | Bought a potion of haste for 160 gold pieces
 22794 | Elf:3    | Bought a potion of invisibility for 128 gold pieces
 22794 | Elf:3    | Bought a potion of agility for 64 gold pieces
 22794 | Elf:3    | Bought 2 potions of curing for 96 gold pieces
 23054 | Elf:3    | Noticed a deep elf blademaster
 23069 | Elf:3    | Killed a deep elf blademaster
 23072 | Elf:3    | Reached skill level 15 in Armour
 23076 | Elf:3    | Noticed a deep elf master archer
 23083 | Elf:3    | Killed a deep elf master archer
 23090 | Elf:3    | Reached XP level 17. HP: 109/156 MP: 16/16
 23091 | Elf:3    | Noticed a deep elf master archer
 23092 | Elf:3    | Noticed a deep elf blademaster
 23093 | Elf:3    | Noticed a deep elf blademaster
 23101 | Elf:3    | Noticed a deep elf master archer
 23105 | Elf:3    | Killed a deep elf blademaster
 23108 | Elf:3    | Killed a deep elf master archer
 23109 | Elf:3    | Killed a deep elf blademaster
 23111 | Elf:3    | Noticed a Tzitzimitl
 23129 | Elf:3    | Killed a deep elf master archer
 23431 | Elf:3    | Identified Sif Muna's Incunabulum of Floating Transmigration
 23503 | Elf:3    | Got a scorched scale mail
 23504 | Elf:3    | Identified the +1 scale mail "Emept" {+Inv Regen+ Str+2} (You found it on level 3 of the Elven Halls)
 24092 | Lair:2   | Found a staircase to the Shoals.
 24210 | Spider:1 | Entered Level 1 of the Spider Nest
 24803 | Spider:4 | Entered Level 4 of the Spider Nest
 25157 | Spider:4 | Got a gossamer rune of Zot
 25381 | Shoals:1 | Entered Level 1 of the Shoals
 25604 | Shoals:2 | Noticed Polyphemus
 25618 | Shoals:2 | Killed Polyphemus
 25643 | Shoals:2 | Reached XP level 18. HP: 110/168 MP: 17/17
 25934 | Shoals:4 | Entered Level 4 of the Shoals
 25934 | Shoals:4 | Noticed Ilsuiw
 25955 | Shoals:4 | Killed Ilsuiw
 26677 | Shoals:4 | Got a twisted hunting sling
 26678 | Shoals:4 | Identified the +9 hunting sling of the Vulture {speed, +Inv rElec Int+2} (You found it on level 4 of the Shoals)
 26835 | Shoals:4 | Noticed Unholydonuts's ghost (adept HOMo)
 26871 | Shoals:4 | Killed Unholydonuts's ghost
 27182 | Shoals:4 | Got a barnacled rune of Zot
 27482 | Shoals:3 | Found Oguiczom's Island Escapes.
 27499 | Shoals:3 | Bought a scroll of teleportation for 39 gold pieces
 27499 | Shoals:3 | Bought a scroll of teleportation for 39 gold pieces
 27499 | Shoals:3 | Bought a scroll of teleportation for 39 gold pieces
 27499 | Shoals:3 | Bought a potion of haste for 130 gold pieces
 27499 | Shoals:3 | Bought a potion of invisibility for 104 gold pieces
 28084 | D:15     | Bought a potion of might for 56 gold pieces
 28084 | D:15     | Bought a potion of agility for 56 gold pieces
 28084 | D:15     | Bought a potion of invisibility for 112 gold pieces
 28084 | D:15     | Bought a potion of flight for 42 gold pieces
 28084 | D:15     | Bought 2 potions of heal wounds for 140 gold pieces
 28084 | D:15     | Bought a potion of curing for 42 gold pieces
 28084 | D:15     | Bought a potion of agility for 56 gold pieces
 28084 | D:15     | Bought a potion of heal wounds for 70 gold pieces
 28134 | Depths:1 | Found Dabotooz's Gadget Boutique.
 28142 | Depths:1 | Found Ahofevuwk's Jewellery Shop.
 28150 | Depths:1 | Bought a +5 ring of evasion for 935 gold pieces
 28185 | Depths:1 | Reached XP level 19. HP: 163/179 MP: 18/18
 28796 | Depths:1 | Found a gateway to Hell.
 28833 | Depths:1 | Got a clouded wooden ring
 28847 | Depths:1 | Identified the ring "Koerch" {rCorr rF+ Str+2} (You found it on level 1 of the Depths)
 28923 | Depths:1 | Found a one-way gate leading to the halls of Pandemonium.
 29474 | Depths:2 | Found a one-way gate to the infinite horrors of the Abyss.
 30321 | Depths:3 | Reached XP level 20. HP: 111/191 MP: 19/19
 31609 | Depths:4 | Noticed the Enchantress
 31799 | Depths:4 | Killed the Enchantress
 31817 | Depths:4 | Noticed a golden dragon
 31831 | Depths:4 | Noticed newuser's ghost (veteran DsFi)
 32326 | Depths:3 | Killed a golden dragon
 32329 | Depths:3 | Reached XP level 21. HP: 86/201 MP: 20/20
 32778 | Depths:4 | Killed newuser's ghost
 32890 | Depths:4 | Got faerie dragon scales
 32895 | Depths:4 | Identified the +5 faerie dragon scales {rCorr Str+4} (You took it off the Enchantress on level 4 of the Depths)
 33197 | Depths:4 | Found a gateway to a bazaar.
 33210 | Bazaar   | Entered a bazaar
 33214 | Bazaar   | Found Cemiude's Jewellery Boutique.
 33234 | Bazaar   | Found Jukitel's Gadget Emporium.
 33251 | Bazaar   | Found Codiaz's Distillery.
 33256 | Bazaar   | Bought a potion of curing for 36 gold pieces
 33256 | Bazaar   | Bought a potion of cancellation for 96 gold pieces
 33256 | Bazaar   | Bought a potion of curing for 36 gold pieces
 33256 | Bazaar   | Bought a potion of curing for 36 gold pieces
 33256 | Bazaar   | Bought a potion of curing for 36 gold pieces
 33256 | Bazaar   | Bought a potion of heal wounds for 60 gold pieces
 33268 | Bazaar   | Found Ikhyefer's Antique Weapon Shoppe.
 33540 | Depths:5 | Entered Level 5 of the Depths
 33579 | Depths:5 | Noticed a juggernaut
 33601 | Depths:5 | Killed a juggernaut
 33780 | Depths:5 | Found a shattered altar of Ashenzari.
 33808 | Depths:5 | Paralysed by a great orb of eyes for 5 turns
 34091 | Depths:5 | Found a gateway to a ziggurat.
 34619 | Depths:5 | Paralysed by a great orb of eyes for 3 turns
 34984 | Depths:5 | Noticed Boris
 34994 | Depths:5 | Killed Boris
 35242 | Depths:5 | Reached XP level 22. HP: 204/208 MP: 21/21
 35528 | Depths:5 | Found a gate to the Realm of Zot.
 35540 | Depths:5 | Identified the Catalogue of Harmful Fire
 35624 | Depths:5 | Identified the Collected Works on Quantum Poison
 35644 | Depths:5 | Got a pair of faintly humming boots
 35645 | Depths:5 | Identified the cursed +0 pair of boots of Gestures {rPois Dex+6} (You found it on level 5 of the Depths)
 35879 | Vaults:1 | Entered Level 1 of the Vaults
 36084 | Vaults:1 | Reached skill level 15 in Throwing
 36918 | Vaults:1 | Identified a scroll of acquirement
 38849 | Vaults:3 | Reached XP level 23. HP: 207/217 MP: 22/22
 39627 | Vaults:3 | Got a jewelled plate armour
 39628 | Vaults:3 | Identified the +8 plate armour of the Cricket {Slay+5} (You found it on level 3 of the Vaults)
 39931 | Vaults:3 | Found a staircase to the Crypt.
 41123 | Vaults:4 | Found a shadowy altar of Dithmenos.
 41806 | Crypt:1  | Entered Level 1 of the Crypt
 42519 | Crypt:3  | Entered Level 3 of the Crypt
 42873 | Crypt:3  | Reached XP level 24. HP: 226/226 MP: 22/22
 43025 | Crypt:3  | Noticed an ancient lich
 43030 | Crypt:3  | Paralysed by an ancient lich for 2 turns
 43035 | Crypt:3  | Killed an ancient lich
 43382 | Crypt:3  | Found an ancient bone altar of Kikubaaqudgha.
 43985 | Crypt:3  | Found a staircase to the Tomb.
 44518 | Crypt:3  | Got a scintillating bone ring
 44519 | Crypt:3  | Identified the ring "Plog" {-Tele rC+ MP+9 Str+2 Dex+2} (You found it on level 3 of the Crypt)
 45425 | Vaults:5 | Entered Level 5 of the Vaults
 45782 | Vaults:5 | Reached XP level 25. HP: 151/230 MP: 22/22
 45794 | Vaults:5 | Got a silver rune of Zot
 46380 | Vaults:5 | Identified Sif Muna's Catalogue of Cold
 46472 | Vaults:5 | Noticed an ancient lich
 46489 | Vaults:5 | Killed an ancient lich
 47159 | Vaults:5 | Identified the amulet of Umynu {Faith MR- Str+4 Int+4} (You found it on level 5 of the Vaults)
 47862 | Slime:1  | Entered Level 1 of the Pits of Slime
 47870 | Slime:1  | Reached skill level 1 in Evocations
 48098 | Slime:1  | Gained mutation: You expend magic power (3 MP) to strengthen your wands. [a shining eye]
 48243 | Slime:3  | Reached skill level 5 in Evocations
 48400 | Slime:5  | Entered Level 5 of the Pits of Slime
 48557 | Slime:5  | Noticed the Royal Jelly
 48584 | Slime:5  | Killed the Royal Jelly
 48967 | Slime:5  | Got a slimy rune of Zot
 48992 | Slime:5  | Identified the Collected Works on Self-Improvement and Changing
 49033 | Slime:5  | Got a pair of warped gloves
 49034 | Slime:5  | Identified the +1 pair of gloves "Jarogi" {Dex+2 SInv} (You found it on level 5 of the Pits of Slime)
 49407 | D:15     | Bought the +3 plate armour of the Shrike {Regen+ Str+7} for 1014 gold pieces
 49428 | D:15     | Upgraded the game from 0.21-a0-8-gcf94df6 to 0.21-a0-19-g210df22
 49560 | Zig:1    | Entered Level 1 of a ziggurat
 49625 | Zig:2    | Entered Level 2 of a ziggurat
 49761 | Zig:3    | Entered Level 3 of a ziggurat
 49794 | Zig:3    | Got a translucent broad axe
 49797 | Zig:3    | Identified the cursed +2 broad axe of the Shore {freeze, rF+ Int+6} (You found it on level 3 of a ziggurat)
 49800 | Zig:4    | Entered Level 4 of a ziggurat
 49840 | Zig:4    | Got a bound golden ring
 49844 | Zig:4    | Identified the ring "Iduddy" {Ice Str+5 Dex+5} (You found it on level 4 of a ziggurat)
 49847 | Zig:5    | Entered Level 5 of a ziggurat
 49903 | Zig:6    | Entered Level 6 of a ziggurat
 49910 | Zig:6    | Noticed Ocehela the pandemonium lord
 49919 | Zig:6    | Killed Ocehela the pandemonium lord
 49919 | Zig:6    | Reached XP level 26. HP: 233/239 MP: 28/28
 49968 | Zig:7    | Entered Level 7 of a ziggurat
 49973 | Zig:7    | Noticed a greater mummy
 49973 | Zig:7    | Noticed a greater mummy
 49983 | Zig:7    | Killed a greater mummy
 49994 | Zig:7    | HP: 11/234 [??? (4)]
 49995 | Zig:7    | Killed a greater mummy
 50035 | Zig:7    | Identified the Collected Works on Unstable Translocation
 50041 | Zig:7    | Identified the Papyrus of Bewitchment and Fire
 50453 | Zig:8    | Entered Level 8 of a ziggurat
 50556 | Zig:8    | Learned a level 4 spell: Passage of Golubria
 50625 | Zig:9    | Entered Level 9 of a ziggurat
 50912 | Zig:9    | Got an ivory broad axe
 50931 | Zig:9    | Identified the Grimoire of the Slug
 50954 | Zig:10   | Entered Level 10 of a ziggurat
 51161 | Zig:10   | Noticed a greater mummy
 51193 | Zig:10   | Killed a greater mummy
 51637 | Zig:10   | Reached XP level 27. HP: 254/254 MP: 28/28
 51647 | Zig:10   | Reached skill level 5 in Spellcasting
 51659 | Zig:11   | Entered Level 11 of a ziggurat
 51815 | Zig:12   | Entered Level 12 of a ziggurat
 52097 | Zig:12   | Identified the +3 broad axe "Kext" {drain, Int+2} (You found it on level 9 of a ziggurat)
 52108 | Zig:13   | Entered Level 13 of a ziggurat
 52143 | Zig:13   | Noticed a greater mummy
 52156 | Zig:13   | Killed a greater mummy
 52609 | Zig:13   | Reached skill level 5 in Translocations
 52614 | Zig:13   | Learned a level 3 spell: Lesser Beckoning
 52615 | Zig:13   | Identified Omaami's Collected Works on Bewitching Contamination
 52626 | Zig:13   | Identified the Compendium of Earthen Intoxication
 52634 | Zig:14   | Entered Level 14 of a ziggurat
 52661 | Zig:14   | Paralysed by accursed screaming for 1 turns
 52667 | Zig:14   | Reached skill level 27 in Shields
 52699 | Zig:14   | Gained mutation: Your body sometimes deteriorates upon taking damage. [a neqoxec]
 52845 | Zig:14   | Got a slimy scale mail
 52846 | Zig:14   | Identified the cursed +0 scale mail "Vuowecs" {rF++} (You found it on level 14 of a ziggurat)
 52888 | Zig:14   | Identified the ring of a Million Princes {MR+ Str+3 Int+2 Dex+2} (You found it on level 14 of a ziggurat)
 52895 | Zig:15   | Entered Level 15 of a ziggurat
 52995 | Zig:15   | Identified the cursed +0 pair of boots of the Thistle {+Blink +Fly Str-3} (You found it on level 15 of a ziggurat)
 53242 | Zig:16   | Entered Level 16 of a ziggurat
 53309 | Zig:16   | Reached skill level 27 in Armour
 53330 | Zig:16   | Reached skill level 5 in Stealth
 53380 | Zig:16   | Identified the ring "Qemoedghi" {Wiz Int+2} (You found it on level 16 of a ziggurat)
 53404 | Zig:17   | Entered Level 17 of a ziggurat
 53431 | Zig:17   | Paralysed by accursed screaming for 1 turns
 53503 | Zig:17   | Reached skill level 10 in Stealth
 53989 | Zig:17   | Identified the cursed +0 ring mail of the Bulwark {rElec rC+} (You found it on level 17 of a ziggurat)
 54009 | Zig:18   | Entered Level 18 of a ziggurat
 54040 | Zig:18   | Paralysed by a floating eye for 3 turns
 54044 | Zig:18   | Paralysed by a floating eye for 4 turns
 54055 | Zig:18   | Gained mutation: You are frail. (-10% HP) [a shining eye]
 54191 | Zig:18   | Identified the Guide on Quantum Snow
 54197 | Zig:18   | Learned a level 2 spell: Blink
 54200 | Zig:18   | Learned a level 2 spell: Shroud of Golubria
 54231 | Zig:18   | Got a fine broad axe
 54232 | Zig:18   | Identified the +8 broad axe "Ysmeg" {chop, MP+9} (You found it on level 18 of a ziggurat)
 54242 | Zig:18   | Identified the amulet of Nuumaa {+Rage rC++ Str+4} (You found it on level 18 of a ziggurat)
 54246 | Zig:18   | Identified the +1 pearl dragon scales of the Enchanted Forest {rF+ rC+ rN+ Dex-4} (You found it on level 18 of a ziggurat)
 54557 | Pan      | Entered Pandemonium
 54598 | Pan      | Found an exit through the horrors of the Abyss.
 54630 | Pan      | Noticed Kuagap the pandemonium lord
 54663 | Pan      | Killed Kuagap the pandemonium lord
 54663 | Pan      | Reached skill level 1 in Charms
 55991 | Pan      | Noticed Yxzut the pandemonium lord
 56330 | Pan      | Got a demonic rune of Zot
 56404 | Pan      | Found an exit through the horrors of the Abyss.
 57292 | Pan      | Noticed Wote the pandemonium lord
 57308 | Pan      | Killed Wote the pandemonium lord
 57881 | Pan      | Reached skill level 5 in Charms
 58141 | Pan      | Found an exit through the horrors of the Abyss.
 59299 | Pan      | Noticed Seraon Gapa the pandemonium lord
 59311 | Pan      | Killed Seraon Gapa the pandemonium lord
 59520 | Pan      | Noticed Peir the pandemonium lord
 59542 | Pan      | Killed Peir the pandemonium lord
 59870 | Pan      | Noticed Udghirim the pandemonium lord
 59884 | Pan      | Killed Udghirim the pandemonium lord
 59982 | Pan      | Entered the realm of Cerebov.
 59993 | Pan      | Found an exit through the horrors of the Abyss.
 60182 | Pan      | Got a flickering amber ring
 60644 | Pan      | Noticed Cerebov
 60674 | Pan      | Killed Cerebov
 60842 | Pan      | Got a fiery rune of Zot
 60976 | Pan      | Noticed Ejyrrer the pandemonium lord
 60986 | Pan      | Killed Ejyrrer the pandemonium lord
 61252 | Pan      | Reached skill level 10 in Translocations
 62033 | Pan      | Found an exit through the horrors of the Abyss.
 62072 | Pan      | Gained mutation: Your spells are a little easier to cast, but a little less powerful. [a cacodemon]
 62350 | Pan      | Noticed Ygeru the pandemonium lord
 62385 | Pan      | Killed Ygeru the pandemonium lord
 62457 | Pan      | Reached skill level 10 in Spellcasting
 63415 | Pan      | Identified the ring "Viahel" {Fire Int+3 Stlth+} (You took it off a balrug in Pandemonium)
 63431 | Pan      | Found an exit through the horrors of the Abyss.
 63619 | Pan      | Entered the realm of Mnoleg.
 63623 | Pan      | Found an exit through the horrors of the Abyss.
 63829 | Pan      | Gained mutation: You are dopey. (Int -2) [a cacodemon]
 63838 | Pan      | Noticed Mnoleg
 63842 | Pan      | Lost intelligence.
 63862 | Pan      | Killed Mnoleg
 63892 | Pan      | Got a glowing rune of Zot
 64128 | Pan      | Lost intelligence.
 64128 | Pan      | Gained mutation: You are very dopey. (Int -4) [a neqoxec]
 64141 | Pan      | Lost mutation: Your body sometimes deteriorates upon taking damage. [a cacodemon]
 64165 | Pan      | Lost intelligence.
 64253 | Pan      | Noticed Carrer the pandemonium lord
 64273 | Pan      | Killed Carrer the pandemonium lord
 64365 | Pan      | Entered the realm of Lom Lobon.
 64728 | Pan      | Noticed Lom Lobon
 64735 | Pan      | Got a magical rune of Zot
 64844 | Pan      | Found an exit through the horrors of the Abyss.
 65142 | Pan      | Reached skill level 10 in Charms
 67416 | Pan      | Killed Lom Lobon
 67778 | Pan      | Found an exit through the horrors of the Abyss.
 68158 | Pan      | Noticed Buxam the pandemonium lord
 68178 | Pan      | Noticed a seraph
 68180 | Pan      | Found a glowing golden altar of the Shining One.
 68192 | Pan      | Killed a seraph
 68312 | Pan      | Got a wavering pewter ring
 68313 | Pan      | Identified the ring of Due Proportion {rPois rC+ Slay-2 Stlth+} (You found it in Pandemonium)
 68331 | Depths:1 | Escaped Pandemonium
 68423 | D:15     | Bought a scroll of magic mapping for 133 gold pieces
 68423 | D:15     | Bought a scroll of identify for 76 gold pieces
 68427 | D:15     | Bought a smelly plate armour for 728 gold pieces
 68427 | D:15     | Identified the cursed +1 plate armour "Jock" {rCorr Int+3} (You bought it in a shop on level 15 of the Dungeon)
 68491 | Pan      | Entered Pandemonium
 68535 | Pan      | Noticed Xohesu the pandemonium lord
 68552 | Pan      | Killed Xohesu the pandemonium lord
 68893 | Pan      | Noticed Mekis the pandemonium lord
 68903 | Pan      | Killed Mekis the pandemonium lord
 68929 | Pan      | Found an exit through the horrors of the Abyss.
 69214 | Pan      | Entered the realm of Gloorx Vloq.
 69214 | Pan      | Noticed Gloorx Vloq
 69230 | Pan      | HP: 2/224 [Gloorx Vloq/foul vapour (11)]
 69230 | Pan      | Slain by an Executioner

Vault maps used:
D:1:      dpeg_arrival_chase, minmay_tetromino_l2
D:2:      old_standard_altar, first_bread, bh_walls_and_bars
D:3:      chequers_ecumenical_altar_simple, uniq_robin
D:4:      kennysheep_spiral_hall
D:5:      minmay_diamond_boxcup, kennysheep_mini, minmay_temple_entry_crystal_x
D:6:      grunt_temple_overflow_open, grunt_dithmenos_shadows
D:7:      uniq_menkaure, uniq_prince_ribbit1
D:8:      kennysheep_mini_moat, david_lair_generic, enter_ossuary_3,
          grunt_livestock
D:9:      hangedman_decor_push, kennysheep_kite_vault, uniq_pikel, uniq_maurice
D:10:     basic_altar, kennysheep_dice
D:11:     orc_0_dummy, nicolae_zen_rock_garden, grunt_decor_cap
D:12:     lab_entry_generic, serial_shops, nicolae_shop_behind_doors,
          grunt_qazlal_sundering
D:13:     serial_shops, shop
D:14:     david_vaults_3
D:15:     hangedman_depths_entry_try_elsewhere_first, serial_glass,
          glass_columns_a, glass_columns_a, due_unseen_surprise,
          feat_on_display, feat_on_display, item_on_display_a,
          serial_park_avenue1
Temple:   jpeg_temple_alley_garden
Lair:1:   minmay_holes
Lair:2:   elwin_shoals_entry_rocks, kennysheep_rathole,
          infiniplex_staircase_pool, serial_bayou_shore_a
Lair:3:   portal_ice_cave_rime, uniq_sonja
Lair:4:   dummy_spider_entry
Lair:5:   basic_altar
Lair:6:   evilmike_catoblepas_cave, dpeg_slime_entry_enclosed_altar,
          guppyfry_lair_drakes
Shoals:1: cheibrodos_shoals_three_sisters, nicolae_shoals_drake_roost
Shoals:2: cheibrodos_shoals_gigantism, nicolae_shoals_flooded_hall,
          uniq_polyphemus
Shoals:3: abandoned_shop, nicolae_island_escapes
Shoals:4: shoals_end_hangedman, shoal_ilsuiw
Spider:2: spider_trap
Spider:3: nicolae_orb_island
Spider:4: grunt_spider_rune_circles, hangedman_spider_tarantella_strand,
          uniq_aizul, uniq_roxanne
Orc:2:    grunt_orc_community_town_hall, grunt_orc_community_big_house_2,
          grunt_orc_community_big_house_1, grunt_orc_community_house_2,
          grunt_orc_community_house_3, grunt_orc_community_house_2,
          grunt_orc_community_house_2, grunt_orc_community_house_2,
          serial_shops, bzr_entry_safe
Elf:1:    eino_elf_arrival_shootout, nicolae_trove_entry_diagonal, serial_shops,
          bzr_entry_lakeside, kennysheep_underground_church, minmay_shop_grove
Elf:2:    uniq_jorgrun, uniq_nikola
Elf:3:    minmay_elf_hall_furrowed, basic_altar, serial_shops,
          nicolae_shop_stone, patterned_corridor
Vaults:1: v_misc_2, hangedman_vaults_stitches, nicolae_vaults_theta,
          vaults_room_pools, v_misc_13, v_misc_14, vaults_mumra_hex,
          grunt_vaults_twisty, vaults_room_pool,
          nicolae_vaults_mini_display_case, nicolae_vaults_border_crossing
Vaults:2: nicolae_vaults_circle_grid_b, v_misc_28, v_misc_4, vaults_dpeg_doors,
          v_pattern_1, nicolae_vaults_puzzle_piece, vaults_room_hallway,
          ontoclasm_vaults_pinch, nicolae_vaults_angled_halls, v_misc_27,
          hangedman_vaults_capsules, nicolae_vaults_know_your_exits
Vaults:3: minmay_crypt_entry_skeletal_spiral, v_misc_23, v_pattern_4,
          nicolae_vaults_little_squares_4, v_misc_32, vaults_room_glass_cross,
          nicolae_vaults_asterisk, nicolae_vaults_alarming, vaults_room_pool
Vaults:4: v_misc_16, v_misc_25, v_misc_3, v_misc_22,
          ontoclasm_vaults_misaligned, dpeg_vaults_monster_box,
          vaults_room_stairs_pillars, basic_altar
Crypt:3:  evilmike_haunted_forest
Depths:1: serial_bayou_pond_b, pan_entry, hell_entry, minmay_door_square,
          due_unseen_surprise, firewood_loft, minmay_shoptagon
Depths:2: minmay_connected_triangles_in_corner, pf_hell_entry_tar_river,
          infiniplex_staircase_spiral, abyss_entry, grunt_megastairs_4
Depths:3: kennysheep_blocky_hall, abyss_entry, serial_sigils_hangedman_carve,
          rand_demon_pan_entry_4, hangedman_coc_ice_floe, water_maze_lemuel
Depths:4: minmay_glassy_protrusions, corexii_hall_statues_s, abyss_entry,
          hell_entry, serial_shops, statue_bzr, hangedman_aviary,
          infiniplex_staircase_star, uniq_enchantress
Depths:5: lemuel_castle_with_subvaults, enter_ziggurat_e,
          nicolae_ashenzari_panopticon, grunt_hell_entry_dis_grunt, abyss_entry,
          uniq_boris
Pan:      rand_demon_1, grunt_pan_frozen_over, reaverb_pan_chaos_star,
          grunt_pan_sceptre, nicolae_pan_sigil_eeng, lemuel_hellion_island,
          rand_demon_8, rand_demon_2, uniq_mennas_pan, evilmike_mini_pan_rooms,
          evilmike_mini_pan_possible_glass, grunt_pan_in_and_out,
          pan_blood_fountain_small, pan_blood_fountain, nicolae_pan_sigil_nadil,
          evilmike_mini_pan_other_thingy, evilmike_mini_pan_3x3,
          pan_blood_fountain, evilmike_mini_pan_possible_glass,
          evilmike_mini_pan_pillars, evilmike_mini_pan_doors_b, uniq_mennas_pan,
          grunt_pan_pentagram, special_room, reaverb_pan_figure_eight,
          nicolae_pan_mnolegish_2, cerebov_grunt, grunt_pan_sceptre,
          pan_blood_fountain, nicolae_pan_sigil_obb, grunt_pan_zigzag,
          pan_blood_fountain, pan_blood_fountain_small,
          evilmike_mini_pan_pillars_b, rand_demon_4, pan_blood_fountain_small,
          evilmike_mini_pan_corridor, evilmike_mini_pan_branches,
          pan_blood_fountain_2, evilmike_mini_pan_pillars_b,
          nicolae_pan_sigil_nadil, nicolae_pan_lom_lobonic_1,
          evilmike_mini_pan_doors_b, reaverb_pan_squares, pan_captured_pigsty,
          evilmike_mini_pan_V, lemuel_hall_of_pain, pan_blood_fountain,
          evilmike_mini_pan_V, pan_blood_fountain, mnoleg,
          pan_blood_fountain_small, nicolae_pan_mnolegish_3,
          grunt_pan_pentagram, lom_lobon, pan_blood_fountain_2, rand_demon_6,
          pan_blood_fountain, nicolae_pan_glass_arcs, pan_surprise,
          nicolae_pan_cerebovesque_3, evilmike_holy_pan, evilmike_mini_pan_T,
          nicolae_pan_hourglass, regret_index_pan_draining_boxed,
          pan_blood_fountain_2, gloorx_vloq_grunt_torture_chamber,
          pan_blood_fountain_small
Zig:9:    ziggurat_pillar_centre_c
Zig:10:   ziggurat_pillar_centre_dead_trees
Lab:      nicolae_lab_very_dead_end, labyrinth_skeletal_remains,
          nicolae_lab_t_cross, nicolae_lab_do_over, labyrinth_glass_1
Bazaar:   bazaar_kb_twisted_cavern, bazaar_jpeg_cross, bazaar_jpeg_circle_common
IceCv:    ice_cave_small_necro

Skill      XL: |  1  2  3  4  5  6  7  8  9 10 11 12 13 14 15 16 17 18 19 20 21 22 23 24 25 26 27 |
---------------+----------------------------------------------------------------------------------+-----
Armour         | 1 2 3 4 5 7 8 10 11 12 13 15 16 17 18 19 20 21 22 24 25 27 | 27.0
Fighting       | 4 5 6 7 9 10 12 14 15 16 18 19 20 21 | 21.8
Axes           | 4 5 6 7 9 10 12 13 14 16 17 18 | 18.2
Dodging        | 4 5 6 7 8 10 11 | 11.6
Shields        | 10 15 16 17 18 19 20 21 22 23 24 25 26 27 | 27.0
Throwing       | 10 12 13 14 16 17 18 19 20 24 | 24.5
Evocations     | 9 |  9.1
Spellcasting   | 3 12 | 12.0
Translocations | 12 | 12.7
Stealth        | 11 | 11.9
Charms         | 10 | 10.8

Action                   |  1- 3 |  4- 6 |  7- 9 | 10-12 | 13-15 | 16-18 | 19-21 | 22-24 | 25-27 || total
-------------------------+-------+-------+-------+-------+-------+-------+-------+-------+-------++-------
Melee: Hand axe          |    76 |   160 |   159 |       |       |       |       |       |       ||   395
       Headbutt          |     5 |    26 |    58 |   107 |   311 |   353 |   498 |   685 |  1429 ||  3472
       Mace              |       |     6 |    11 |       |       |       |       |       |       ||    17
       Broad axe         |       |       |    27 |   384 |   930 |   928 |  1110 |  1559 |  3361 ||  8299
       Falchion          |       |       |       |       |    15 |       |       |       |       ||    15
       Lance             |       |       |       |       |       |       |    30 |    20 |    11 ||    61
       War axe           |       |       |       |       |       |       |       |       |     4 ||     4
Throw: Tomahawk          |       |       |       |       |       |       |    17 |       |       ||    17
       Javelin           |       |       |       |       |       |       |       |       |   186 ||   186
       Throwing net      |       |       |       |       |       |       |       |       |    17 ||    17
 Cast: Apportation       |       |       |       |       |       |       |       |       |    10 ||    10
       Shroud of Golubri |       |       |       |       |       |       |       |       |     3 ||     3
       Blink             |       |       |       |       |       |       |       |       |     1 ||     1
       Passage of Golubr |       |       |       |       |       |       |       |       |     1 ||     1
Invok: Call Merchant     |       |       |     1 |     1 |     3 |     1 |       |       |    11 ||    17
Evoke: Wand              |       |       |     9 |     4 |    25 |     4 |     4 |     2 |       ||    48
       Lamp of fire      |       |       |       |       |       |       |       |       |     4 ||     4
       Lightning rod     |       |       |       |       |       |       |       |       |     8 ||     8
       Sack of spiders   |       |       |       |       |       |       |       |       |     7 ||     7
       Phantom mirror    |       |       |       |       |       |       |       |       |     4 ||     4
       Fan of gales      |       |       |       |       |       |       |       |       |     3 ||     3
       Box of beasts     |       |       |       |       |       |       |       |       |     2 ||     2
       Phial of floods   |       |       |       |       |       |       |       |       |     2 ||     2
  Use: Scroll            |       |     9 |     8 |     9 |    13 |    14 |     8 |    12 |    69 ||   142
       Potion            |       |       |       |     1 |     9 |    12 |       |     3 |    47 ||    72
 Stab: Sleeping          |       |       |     1 |     2 |       |       |       |       |       ||     3
       Distracted        |       |       |       |     6 |     8 |    19 |    16 |    16 |    65 ||   130
       Invisible         |       |       |       |       |     9 |    23 |       |       |    39 ||    71
       Petrifying        |       |       |       |       |     1 |       |       |       |       ||     1
       Confused          |       |       |       |       |       |     3 |       |       |       ||     3
       Held in net/web   |       |       |       |       |       |       |       |       |    16 ||    16
       Petrified         |       |       |       |       |       |       |       |       |     4 ||     4
  Eat: Chunk             |     1 |     5 |     2 |       |       |       |       |       |       ||     8
       Royal jelly       |       |       |     3 |     5 |     5 |     4 |     3 |     6 |    13 ||    39
       Fruit             |       |       |     4 |     6 |    20 |    21 |     3 |       |    15 ||    69
       Bread ration      |       |       |       |       |     2 |       |     3 |     5 |     9 ||    19
Armor: Ring mail         |    23 |    50 |     8 |       |       |       |       |       |       ||    81
       Robe              |     1 |       |       |       |       |       |       |       |       ||     1
       Scale mail        |       |       |    73 |    56 |       |       |       |       |       ||   129
       Plate armour      |       |       |       |   104 |   223 |   201 |   278 |   177 |   673 ||  1656
       Acid dragon scale |       |       |       |       |       |       |     1 |       |       ||     1
Dodge: Dodged            |    60 |    96 |   151 |   232 |   210 |   392 |   669 |   458 |  1302 ||  3570
Block: Large shield      |       |       |       |   186 |   484 |       |       |       |  2773 ||  3443
       Reflection        |       |       |       |     7 |    41 |   120 |    42 |    71 |   134 ||   415
       Shield            |       |       |       |       |   547 |  1116 |  1323 |  1393 |  1184 ||  5563
